 Dungeon Crawl Stone Soup version 0.14-a0-1773-ge500af7 (webtiles) character file.

229 Herrn the Skirmisher (level 4, 0/38 HPs)
             Began as a Djinni Fighter on Jan 7, 2014.
             Slain by an orc
             ... wielding a +0,+1 orcish morningstar
              (9 damage)
             ... on Level 2 of the Dungeon.
             The game lasted 00:08:19 (2122 turns).

Herrn the Skirmisher (Djinni Fighter)               Turns: 2122, Time: 00:08:19

HP   0/38        AC  6     Str 17      XL: 4   Next: 60%
MP   0/0         EV  6     Int  8      God:
Gold 120         SH 18     Dex 13      Spells:  0 memorised,  3 levels left

rFire  + + +     SeeInvis .     u - -1,+1 orc falchion
rCold  x . .     Clarity  .     b - +0 scale mail
rNeg   + + +     Conserve .     c - +0 shield
rPois  .         rCorr    .     (no helmet)
rElec  .         rRot     .     (no cloak)
SustAb . .       Spirit   .     (no gloves)
rMut   .         Warding  .     (boots unavailable)
Saprov . . .     Stasis   .     (no amulet)
                                (no ring)
                                q - ring of protection from magic {unknown}

@: flying, somewhat resistant to hostile enchantments, extremely unstealthy
A: fire immunity, cold vulnerability, life protection 3
a: no special abilities


You were on level 2 of the Dungeon.
You were not hungry.

You visited 1 branch of the dungeon, and saw 3 of its levels.

You collected 120 gold pieces.

Inventory:

Hand weapons
 a - a +0,+0 falchion
 u - a -1,+1 orcish falchion (weapon)
Armour
 b - a +0 scale mail (worn)
 c - a +0 shield (worn)
Scrolls
 d - 3 scrolls of curse weapon {unknown}
 e - a scroll of teleportation {unknown}
 f - a scroll of curse armour {unknown}
 g - 4 scrolls of identify {unknown}
 h - a scroll of immolation {unknown}
 i - 2 scrolls of random uselessness {unknown}
 k - a scroll of enchant weapon I {unknown}
 l - 2 scrolls of enchant armour {unknown}
 p - 2 scrolls of remove curse {unknown}
 r - a scroll of noise {unknown}
 s - a scroll of curse jewellery {unknown}
Jewellery
 q - a ring of protection from magic (left hand) {unknown}
Potions
 j - 2 potions of degeneration {unknown}
 m - 2 potions of flight {unknown}
 n - a potion of restore abilities {unknown}
 o - a potion of curing {unknown}
 t - a potion of lignification {unknown}


   Skills:
 * Level 4.9 Fighting
 - Level 2.0 Long Blades
 - Level 3.2 Armour
 - Level 3.0 Shields


You had 3 spell levels left.
You didn't know any spells.

Dungeon Overview and Level Annotations

Branches:
Dungeon (3/16)

Altars:
Elyvilon
Sif Muna


Innate Abilities, Weirdness & Mutations

You are immune to all types of fire, even holy and hellish.
You are vulnerable to cold.
You need no food.
You have no legs.
You are immune to negative energy.


Message History

You hit the orc.
The orc is lightly wounded.
The orc hits you with an orcish morningstar!
* * * LOW HITPOINT WARNING * * *
You closely miss the orc.
The orc is lightly wounded.
The orc barely misses you.
Your shield and scale mail prevent you from hitting the orc.
The orc is lightly wounded.
The orc barely misses you.
You closely miss the orc.
The orc is lightly wounded.
You block the orc's attack.
You closely miss the orc.
The orc is lightly wounded.
You block the orc's attack.
You hit the orc.
The orc is severely wounded.
The orc hits you with an orcish morningstar!
You die...

###############
########.............#
.......#.#######..##.#
######.#.......#..##.#
#.#....##.#..##.#
######.##.#....#..##.#
.......##.#...##..##.#
#####..##........o.#.#
#####..##...#.##@....####
.......##...............#
.####.###...#.##.###.##.######
............#.##.# #.........#
..###.###...#.##.# #..#.###.##
......#.....#.##.###..#.# #.#
......................#.# #.#
.####.####.##.##.###..#.###.##
.# #....##..#.##.###..#......#


You could see an orc.

Vanquished Creatures
  An orc priest (D:3)
  2 adders (D:2)
  2 worms (D:2)
  3 giant geckos
  An ooze (D:3)
  5 orcs (D:3)
  4 giant cockroaches
  4 hobgoblins
  2 quokkas (D:3)
  A ball python (D:1)
  6 bats
  3 giant newts
  4 goblins
  3 kobolds (D:1)
  3 rats
44 creatures vanquished.

Vanquished Creatures (others)
  A kobold (D:3)
1 creature vanquished.

Grand Total: 45 creatures vanquished

Notes
Turn   | Place    | Note
--------------------------------------------------------------
     0 | D:1      | Herrn, the Djinni Fighter, began the quest for the Orb.
     0 | D:1      | Reached XP level 1. HP: 16/16 MP: 0/0
   222 | D:1      | Reached XP level 2. EP: 23/23
   867 | D:2      | Reached XP level 3. EP: 25/30
  1115 | D:2      | Reached skill level 4 in Fighting
  1628 | D:2      | Found a deep blue altar of Sif Muna.
  1734 | D:3      | Reached XP level 4. EP: 38/38
  1755 | D:3      | Found a white marble altar of Elyvilon.
  2122 | D:2      | Slain by an orc

Action                   |  1- 3 |  4- 6 || total
-------------------------+-------+-------++-------
Melee: Falchion          |   144 |    49 ||   193
